[ AOE2 MATCH · #477177875 ]
UnrankedRomans vs Spanish
[ REPLAY ANALYSIS · EXTRACTED FROM THE RECORDED GAME ]
Feudal
—
Castle
—
Imperial
—
| APM avg | 12.0 |
| APM peak | 35 |
| eAPM avg | 7.4 |
| Villagers / military | 84 / 50 |
Focus
⚔️ 26.7% · 🌾 73.3%
Spearman ×13 · Knight ×8 · Cavalry Archer ×8 · Archer ×7 · Trade Cart ×7 · Skirmisher ×4
Feudal
9:25
Castle
22:31
Imperial
37:04
| APM avg | 16.7 |
| APM peak | 117 |
| eAPM avg | 13.9 |
| Villagers / military | 156 / 570 |
Focus
⚔️ 39.9% · 🌾 60.1%
Throwing Axeman ×281 · Spearman ×251 · Bombard Cannon ×38 · Trade Cart ×16
Feudal
11:27
Castle
16:09
Imperial
32:21
| APM avg | 20.0 |
| APM peak | 42 |
| eAPM avg | 12.6 |
| Villagers / military | 96 / 138 |
Focus
⚔️ 33.3% · 🌾 66.7%
Knight ×97 · Conquistador ×28 · Trade Cart ×20 · Spearman ×6 · Trebuchet (Packed) ×5 · Monk ×2
Feudal
12:31
Castle
18:56
Imperial
41:04
| APM avg | 17.2 |
| APM peak | 57 |
| eAPM avg | 11.1 |
| Villagers / military | 122 / 187 |
Focus
⚔️ 25.1% · 🌾 74.9%
Knight ×118 · Skirmisher ×31 · Trebuchet (Packed) ×15 · Leitis ×5 · Petard ×5 · Bombard Cannon ×5
Feudal
14:10
Castle
28:50
Imperial
42:37
| APM avg | 12.4 |
| APM peak | 33 |
| eAPM avg | 9.4 |
| Villagers / military | 92 / 327 |
Focus
⚔️ 33.6% · 🌾 66.4%
Spearman ×310 · Trade Cart ×18 · Bombard Cannon ×17
Feudal
—
Castle
—
Imperial
—
| APM avg | 26.2 |
| APM peak | 103 |
| eAPM avg | 22.7 |
| Villagers / military | 105 / 437 |
Focus
⚔️ 36.0% · 🌾 64.0%
Spearman ×198 · Scorpion ×180 · Militia ×36 · Battering Ram ×18 · Trade Cart ×5 · Trebuchet (Packed) ×5
Feudal
9:26
Castle
26:43
Imperial
35:33
| APM avg | 10.6 |
| APM peak | 50 |
| eAPM avg | 9.9 |
| Villagers / military | 89 / 288 |
Focus
⚔️ 57.9% · 🌾 42.1%
Spearman ×93 · Throwing Axeman ×88 · Skirmisher ×77 · Archer ×14 · Scout Cavalry ×10 · Hand Cannoneer ×5
Feudal
11:06
Castle
14:43
Imperial
29:08
| APM avg | 21.4 |
| APM peak | 41 |
| eAPM avg | 14.2 |
| Villagers / military | 145 / 534 |
Focus
⚔️ 36.2% · 🌾 63.8%
Spearman ×393 · Skirmisher ×103 · Bombard Cannon ×36 · Monk ×1 · Trebuchet (Packed) ×1
Match map
Initial resources + every placement click. Lines = walls · curves = elevation contours. ◆ gold · ⬟ stone · ● berries · ✦ relic · ◌ wall gap
Your base· ✓ Closed at 19:32 · 20t walls · 4 gate(s)
lucas_alfano's base· ✓ Closed at 22:31 · 61t walls · 4 gate(s)
Alyosha's base· ✓ Closed at 16:09 · 0t walls · 2 gate(s)
anzolablan's base· ✓ Closed at 18:56 · 28t walls · 4 gate(s)
TheSiren's base· ✓ Closed at 28:50 · 0t walls · 2 gate(s)
elguille911's base· ✓ Closed at 14:10 · 0t walls · 2 gate(s)
El Ozil Tucumano⭐⭐⭐'s base· ✓ Closed at 26:43 · 71t walls · 3 gate(s)
PerdiendoConCan's base· ✓ Closed at 14:43 · 0t walls · 2 gate(s)
Smoothed initial terrain · ◌ = detected wall gap · hover for details
Inputs per minute
— Fake Chimono - - lucas_alfano
Build order — Fake Chimono
First 150 of 263 actions detected
| 0:03 | Research | Loom |
| 0:03 | Create | Villager (Male) |
| 0:04 | Create | Villager (Male) |
| 0:04 | Create | Villager (Male) |
| 0:13 | Build | House |
| 0:15 | Build | House |
| 0:17 | Build | House |
| 0:19 | Build | House |
| 0:39 | Build | Mill |
| 1:57 | Create | Villager (Male) |
| 2:24 | Create | Villager (Male) |
| 3:26 | Create | Villager (Male) |
| 4:06 | Create | Villager (Male) |
| 4:08 | Create | Villager (Male) |
| 4:34 | Create | Villager (Male) |
| 5:20 | Create | Villager (Male) |
| 5:20 | Create | Villager (Male) |
| 5:50 | Create | Villager (Male) |
| 6:13 | Create | Villager (Male) |
| 6:37 | Create | Villager (Male) |
| 7:11 | Create | Villager (Male) |
| 7:42 | Build | Lumber Camp |
| 7:48 | Create | Villager (Male) |
| 8:04 | Build | Mining Camp |
| 8:14 | Create | Villager (Male) |
| 8:34 | Create | Villager (Male) |
| 8:41 | Build | Mining Camp |
| 9:06 | Create | Villager (Male) |
| 9:26 | Build | House |
| 9:28 | Build | House |
| 9:29 | Build | House |
| 9:31 | Build | House |
| 9:51 | Create | Villager (Male) |
| 10:15 | Create | Villager (Male) |
| 11:02 | Research | Feudal Age |
| 11:49 | Build | Barracks |
| 11:58 | Create | Villager (Male) |
| 11:59 | Create | Villager (Male) |
| 11:59 | Create | Villager (Male) |
| 13:07 | Build | Farm |
| 13:09 | Build | Farm |
| 13:10 | Build | Farm |
| 13:11 | Build | Farm |
| 13:15 | Build | Farm |
| 13:37 | Build | Market |
| 14:05 | Build | Stone Wall |
| 14:08 | Build | Stone Wall |
| 14:15 | Build | Gate |
| 14:31 | Create | Villager (Male) |
| 14:32 | Create | Villager (Male) |
| 14:32 | Create | Villager (Male) |
| 14:51 | Build | Blacksmith |
| 15:09 | Create | Trade Cart |
| 15:40 | Create | Trade Cart |
| 15:56 | Build | Farm |
| 15:58 | Build | Farm |
| 16:00 | Build | Farm |
| 16:03 | Create | Villager (Male) |
| 16:04 | Create | Villager (Male) |
| 16:05 | Create | Villager (Male) |
| 16:18 | Research | Man-at-Arms (upgrade) |
| 16:50 | Build | Farm |
| 16:51 | Build | Farm |
| 16:53 | Build | Farm |
| 16:55 | Build | Mill |
| 17:18 | Create | Villager (Male) |
| 17:19 | Create | Villager (Male) |
| 17:46 | Create | Trade Cart |
| 18:03 | Create | Villager (Male) |
| 18:03 | Create | Villager (Male) |
| 18:35 | Create | Trade Cart |
| 18:59 | Create | Villager (Male) |
| 19:11 | Build | House |
| 19:12 | Build | House |
| 19:15 | Build | House |
| 19:16 | Build | House |
| 19:20 | Build | House |
| 19:22 | Build | House |
| 19:25 | Build | House |
| 19:32 | Research | Castle Age |
| 19:48 | Create | Villager (Male) |
| 19:48 | Create | Villager (Male) |
| 20:34 | Create | Trade Cart |
| 20:36 | Create | Trade Cart |
| 20:51 | Create | Villager (Male) |
| 20:54 | Create | Villager (Male) |
| 21:59 | Build | Stone Wall |
| 22:33 | Build | Monastery |
| 22:36 | Build | University |
| 23:33 | Build | Archery Range |
| 24:11 | Build | Gate |
| 24:18 | Create | Cavalry Archer |
| 24:19 | Create | Cavalry Archer |
| 24:22 | Create | Cavalry Archer |
| 24:33 | Create | Villager (Male) |
| 24:33 | Create | Villager (Male) |
| 24:34 | Create | Villager (Male) |
| 24:35 | Create | Villager (Male) |
| 24:36 | Create | Villager (Male) |
| 24:40 | Build | Farm |
| 24:59 | Create | Cavalry Archer |
| 24:59 | Create | Cavalry Archer |
| 25:41 | Build | Castle |
| 26:13 | Create | Archer |
| 26:14 | Create | Archer |
| 26:14 | Create | Archer |
| 26:15 | Create | Archer |
| 26:15 | Create | Archer |
| 27:08 | Create | Archer |
| 27:08 | Create | Archer |
| 28:21 | Create | Monk |
| 28:22 | Create | Monk |
| 28:28 | Create | Villager (Male) |
| 28:28 | Create | Villager (Male) |
| 28:29 | Create | Villager (Male) |
| 28:30 | Create | Villager (Male) |
| 28:30 | Create | Villager (Male) |
| 28:44 | Build | Town Center |
| 29:19 | Build | Town Center |
| 30:10 | Build | Farm |
| 30:11 | Build | Farm |
| 30:13 | Build | Farm |
| 30:14 | Build | Farm |
| 30:15 | Build | Farm |
| 30:24 | Research | Imperial Age |
| 31:10 | Build | House |
| 31:11 | Build | House |
| 31:12 | Build | House |
| 31:13 | Build | House |
| 31:13 | Build | House |
| 31:20 | Create | Trade Cart |
| 31:34 | Build | Gate |
| 31:45 | Build | Gate |
| 32:00 | Create | Villager (Male) |
| 32:01 | Create | Villager (Male) |
| 32:02 | Create | Villager (Male) |
| 32:02 | Create | Villager (Male) |
| 32:03 | Create | Villager (Male) |
| 32:11 | Research | Double-Bit Axe |
| 32:30 | Research | Crossbowman (upgrade) |
| 32:43 | Create | Villager (Male) |
| 32:43 | Create | Villager (Male) |
| 32:44 | Create | Villager (Male) |
| 33:09 | Research | Masonry |
| 33:11 | Research | Fortified Wall (upgrade) |
| 33:11 | Research | Murder Holes |
| 33:42 | Build | Barracks |
| 34:14 | Build | Mining Camp |
| 34:42 | Create | Villager (Male) |
| 34:43 | Create | Villager (Male) |
Build order — lucas_alfano
First 150 of 534 actions detected
| 0:05 | Build | House |
| 0:10 | Create | Villager (Male) |
| 0:10 | Create | Villager (Male) |
| 0:11 | Create | Villager (Male) |
| 0:11 | Create | Villager (Male) |
| 0:11 | Create | Villager (Male) |
| 0:37 | Build | House |
| 1:07 | Build | House |
| 1:28 | Create | Villager (Male) |
| 1:59 | Create | Villager (Male) |
| 2:00 | Create | Villager (Male) |
| 2:30 | Research | Loom |
| 2:54 | Create | Villager (Male) |
| 2:54 | Create | Villager (Male) |
| 2:54 | Create | Villager (Male) |
| 3:18 | Create | Villager (Male) |
| 3:19 | Create | Villager (Male) |
| 3:49 | Build | Mill |
| 3:53 | Create | Villager (Male) |
| 3:54 | Create | Villager (Male) |
| 4:48 | Create | Villager (Male) |
| 4:48 | Create | Villager (Male) |
| 5:09 | Create | Villager (Male) |
| 5:10 | Create | Villager (Male) |
| 5:39 | Create | Villager (Male) |
| 5:39 | Create | Villager (Male) |
| 5:39 | Create | Villager (Male) |
| 5:54 | Build | Lumber Camp |
| 7:15 | Research | Feudal Age |
| 8:28 | Build | Mill |
| 9:03 | Build | House |
| 9:25 | Age | Feudal Age |
| 9:26 | Research | Wheelbarrow |
| 9:29 | Research | Double-Bit Axe |
| 10:03 | Build | Stone Wall |
| 10:17 | Create | Villager (Male) |
| 10:17 | Create | Villager (Male) |
| 10:17 | Create | Villager (Male) |
| 10:17 | Create | Villager (Male) |
| 10:18 | Create | Villager (Male) |
| 10:32 | Build | House |
| 11:15 | Build | Stone Wall |
| 11:22 | Build | Farm |
| 11:28 | Build | Mining Camp |
| 11:52 | Build | Farm |
| 12:08 | Create | Villager (Male) |
| 12:08 | Create | Villager (Male) |
| 12:16 | Build | Farm |
| 12:33 | Build | Mining Camp |
| 12:39 | Build | Farm |
| 12:42 | Create | Villager (Male) |
| 12:42 | Create | Villager (Male) |
| 12:43 | Create | Villager (Male) |
| 12:43 | Create | Villager (Male) |
| 13:01 | Research | Gold Mining |
| 13:08 | Build | Farm |
| 13:17 | Build | Farm |
| 13:32 | Create | Villager (Male) |
| 13:32 | Create | Villager (Male) |
| 13:57 | Build | Stone Wall |
| 14:14 | Build | Farm |
| 14:37 | Build | House |
| 14:42 | Build | Farm |
| 14:46 | Build | Farm |
| 14:51 | Build | Farm |
| 15:04 | Build | Gate |
| 15:12 | Research | Stone Mining |
| 15:15 | Create | Villager (Male) |
| 15:15 | Create | Villager (Male) |
| 15:15 | Create | Villager (Male) |
| 15:15 | Create | Villager (Male) |
| 15:27 | Build | House |
| 15:38 | Create | Villager (Male) |
| 16:01 | Build | House |
| 16:05 | Build | Farm |
| 16:32 | Build | Market |
| 16:36 | Build | Farm |
| 16:41 | Build | House |
| 16:47 | Create | Villager (Male) |
| 16:47 | Create | Villager (Male) |
| 16:48 | Create | Villager (Male) |
| 17:03 | Build | Mill |
| 17:08 | Build | Farm |
| 17:12 | Build | House |
| 17:32 | Create | Villager (Male) |
| 17:32 | Create | Villager (Male) |
| 17:32 | Create | Villager (Male) |
| 17:47 | Build | Farm |
| 17:52 | Build | House |
| 18:04 | Build | Blacksmith |
| 18:08 | Create | Villager (Male) |
| 18:08 | Create | Villager (Male) |
| 18:08 | Create | Villager (Male) |
| 18:28 | Build | House |
| 18:42 | Build | Farm |
| 18:51 | Create | Villager (Male) |
| 18:52 | Create | Villager (Male) |
| 18:52 | Create | Villager (Male) |
| 19:09 | Build | Gate |
| 19:14 | Build | Farm |
| 19:19 | Build | House |
| 19:29 | Build | Farm |
| 19:51 | Research | Castle Age |
| 19:55 | Build | Farm |
| 20:00 | Build | House |
| 20:24 | Build | Farm |
| 20:38 | Research | Forging |
| 20:46 | Build | House |
| 21:00 | Build | Mining Camp |
| 21:22 | Research | Scale Mail Armor |
| 21:29 | Build | House |
| 22:04 | Build | Lumber Camp |
| 22:10 | Build | House |
| 22:31 | Age | Castle Age |
| 22:34 | Create | Villager (Male) |
| 22:34 | Create | Villager (Male) |
| 22:34 | Create | Villager (Male) |
| 22:35 | Create | Villager (Male) |
| 22:35 | Create | Villager (Male) |
| 22:35 | Create | Villager (Male) |
| 22:49 | Build | Town Center |
| 23:05 | Build | House |
| 23:14 | Research | Gold Shaft Mining |
| 23:17 | Research | Iron Casting |
| 23:22 | Create | Villager (Male) |
| 23:22 | Create | Villager (Male) |
| 23:32 | Build | Farm |
| 23:37 | Build | House |
| 24:00 | Research | Hand Cart |
| 24:01 | Create | Villager (Male) |
| 24:01 | Create | Villager (Male) |
| 24:02 | Create | Villager (Male) |
| 24:02 | Create | Villager (Male) |
| 24:02 | Create | Villager (Male) |
| 24:02 | Create | Villager (Male) |
| 24:11 | Build | House |
| 24:18 | Create | Villager (Male) |
| 24:19 | Create | Villager (Male) |
| 24:46 | Build | House |
| 25:20 | Build | Castle |
| 25:31 | Create | Villager (Male) |
| 25:31 | Create | Villager (Male) |
| 25:31 | Create | Villager (Male) |
| 25:39 | Build | House |
| 26:04 | Create | Villager (Male) |
| 26:05 | Create | Villager (Male) |
| 26:07 | Create | Villager (Male) |
| 26:07 | Create | Villager (Male) |
| 26:13 | Research | Bow Saw |
| 26:18 | Build | House |
Build order — Alyosha
First 150 of 411 actions detected
| 0:14 | Build | House |
| 0:15 | Build | House |
| 0:17 | Build | House |
| 0:33 | Create | Villager (Male) |
| 0:34 | Create | Villager (Male) |
| 0:34 | Create | Villager (Male) |
| 0:34 | Create | Villager (Male) |
| 2:12 | Create | Villager (Male) |
| 3:29 | Create | Villager (Male) |
| 4:18 | Create | Villager (Male) |
| 4:19 | Create | Villager (Male) |
| 4:19 | Create | Villager (Male) |
| 5:05 | Build | Mill |
| 5:32 | Create | Villager (Male) |
| 5:32 | Create | Villager (Male) |
| 5:33 | Create | Villager (Male) |
| 6:13 | Create | Villager (Male) |
| 6:48 | Create | Villager (Male) |
| 7:34 | Build | Lumber Camp |
| 7:43 | Create | Villager (Male) |
| 7:43 | Create | Villager (Male) |
| 8:22 | Build | Mining Camp |
| 9:17 | Research | Feudal Age |
| 10:22 | Build | House |
| 10:25 | Build | House |
| 10:26 | Build | House |
| 10:28 | Build | House |
| 11:27 | Age | Feudal Age |
| 11:30 | Build | Blacksmith |
| 11:58 | Build | Market |
| 12:14 | Build | House |
| 12:59 | Build | Farm |
| 13:29 | Research | Castle Age |
| 13:43 | Build | Farm |
| 14:15 | Build | Farm |
| 14:37 | Build | Farm |
| 14:41 | Research | Horse Collar |
| 16:01 | Build | Barracks |
| 16:09 | Age | Castle Age |
| 16:17 | Research | Wheelbarrow |
| 16:18 | Create | Villager (Male) |
| 16:20 | Create | Villager (Male) |
| 16:22 | Create | Villager (Male) |
| 16:30 | Build | Farm |
| 17:10 | Create | Villager (Male) |
| 17:11 | Create | Villager (Male) |
| 17:21 | Build | Farm |
| 17:26 | Build | Farm |
| 17:34 | Create | Villager (Male) |
| 18:21 | Build | Town Center |
| 18:31 | Create | Villager (Male) |
| 18:53 | Research | Double-Bit Axe |
| 19:01 | Build | Farm |
| 19:41 | Create | Villager (Male) |
| 19:42 | Create | Villager (Male) |
| 19:43 | Create | Villager (Male) |
| 19:44 | Create | Villager (Male) |
| 19:44 | Create | Villager (Male) |
| 19:52 | Build | Farm |
| 20:17 | Build | Monastery |
| 20:44 | Create | Villager (Male) |
| 20:44 | Create | Villager (Male) |
| 21:11 | Build | University |
| 21:16 | Research | Bow Saw |
| 21:27 | Create | Villager (Male) |
| 21:28 | Create | Villager (Male) |
| 21:28 | Create | Villager (Male) |
| 21:51 | Create | Monk |
| 21:52 | Create | Monk |
| 22:07 | Research | Stone Mining |
| 22:29 | Build | Farm |
| 22:34 | Build | Farm |
| 23:21 | Create | Spearman |
| 23:22 | Create | Spearman |
| 23:23 | Create | Spearman |
| 23:57 | Research | Pikeman (upgrade) |
| 24:04 | Build | Farm |
| 24:54 | Research | Scale Barding Armor |
| 24:55 | Research | Forging |
| 25:15 | Create | Spearman |
| 25:15 | Create | Spearman |
| 25:15 | Create | Spearman |
| 27:15 | Create | Villager (Male) |
| 27:15 | Create | Villager (Male) |
| 27:15 | Create | Villager (Male) |
| 27:16 | Create | Villager (Male) |
| 27:16 | Create | Villager (Male) |
| 27:25 | Build | House |
| 27:27 | Build | House |
| 27:29 | Build | House |
| 27:31 | Build | House |
| 27:47 | Build | Gate |
| 27:53 | Build | House |
| 27:55 | Build | House |
| 28:12 | Create | Villager (Male) |
| 28:12 | Create | Villager (Male) |
| 28:12 | Create | Villager (Male) |
| 28:13 | Create | Villager (Male) |
| 28:13 | Create | Villager (Male) |
| 29:03 | Create | Villager (Male) |
| 29:03 | Create | Villager (Male) |
| 29:09 | Research | Imperial Age |
| 29:14 | Create | Villager (Male) |
| 29:15 | Create | Villager (Male) |
| 29:16 | Research | Loom |
| 29:17 | Research | Town Watch |
| 29:38 | Build | Farm |
| 29:44 | Build | Farm |
| 29:50 | Build | Mill |
| 29:54 | Build | Farm |
| 29:54 | Build | Farm |
| 29:55 | Build | Farm |
| 30:02 | Build | Farm |
| 30:07 | Create | Villager (Male) |
| 30:07 | Create | Villager (Male) |
| 30:08 | Create | Villager (Male) |
| 30:22 | Create | Trade Cart |
| 30:33 | Build | Lumber Camp |
| 30:56 | Build | Castle |
| 31:04 | Build | Farm |
| 31:12 | Build | Farm |
| 31:50 | Build | Stable |
| 31:55 | Build | Stable |
| 31:57 | Build | Stable |
| 31:58 | Build | Stable |
| 32:06 | Research | Gold Mining |
| 32:14 | Research | Hand Cart |
| 32:16 | Research | Town Patrol |
| 32:21 | Age | Imperial Age |
| 32:27 | Research | Heavy Plow |
| 32:31 | Create | Villager (Male) |
| 32:31 | Create | Villager (Male) |
| 32:59 | Research | Ballistics |
| 33:01 | Research | Murder Holes |
| 33:34 | Build | Castle |
| 33:53 | Create | Villager (Male) |
| 33:54 | Create | Villager (Male) |
| 33:54 | Create | Villager (Male) |
| 33:54 | Create | Villager (Male) |
| 33:54 | Create | Villager (Male) |
| 33:55 | Create | Villager (Male) |
| 33:55 | Create | Villager (Male) |
| 33:55 | Create | Villager (Male) |
| 34:02 | Build | Farm |
| 34:06 | Build | Farm |
| 34:26 | Build | Farm |
| 34:40 | Build | Farm |
| 34:44 | Build | Farm |
| 34:51 | Research | Two-Man Saw |
| 35:07 | Research | Conscription |
Build order — anzolablan
First 150 of 315 actions detected
| 0:03 | Create | Villager (Male) |
| 0:03 | Create | Villager (Male) |
| 0:03 | Create | Villager (Male) |
| 0:04 | Create | Villager (Male) |
| 0:04 | Create | Villager (Male) |
| 0:04 | Create | Villager (Male) |
| 0:04 | Create | Villager (Male) |
| 0:06 | Build | House |
| 0:09 | Build | House |
| 0:14 | Build | House |
| 2:16 | Create | Villager (Male) |
| 2:16 | Create | Villager (Male) |
| 2:19 | Create | Villager (Male) |
| 3:02 | Create | Villager (Male) |
| 3:02 | Create | Villager (Male) |
| 3:35 | Create | Villager (Male) |
| 3:54 | Create | Villager (Male) |
| 4:20 | Create | Villager (Male) |
| 4:20 | Create | Villager (Male) |
| 4:20 | Create | Villager (Male) |
| 4:55 | Create | Villager (Male) |
| 4:55 | Create | Villager (Male) |
| 6:01 | Build | Mill |
| 6:48 | Build | Lumber Camp |
| 7:09 | Create | Villager (Male) |
| 7:09 | Create | Villager (Male) |
| 7:09 | Create | Villager (Male) |
| 7:09 | Create | Villager (Male) |
| 7:10 | Create | Villager (Male) |
| 7:42 | Build | House |
| 7:45 | Build | House |
| 7:46 | Build | House |
| 8:23 | Create | Villager (Male) |
| 8:24 | Create | Villager (Male) |
| 9:46 | Build | Barracks |
| 10:14 | Research | Feudal Age |
| 10:36 | Build | Mining Camp |
| 11:14 | Create | Villager (Male) |
| 11:14 | Create | Villager (Male) |
| 11:14 | Create | Villager (Male) |
| 11:15 | Create | Villager (Male) |
| 12:31 | Age | Feudal Age |
| 12:37 | Build | Mining Camp |
| 13:17 | Build | Stable |
| 13:52 | Build | Farm |
| 13:53 | Build | Farm |
| 13:54 | Build | Farm |
| 13:54 | Build | Farm |
| 13:55 | Build | Farm |
| 14:02 | Build | Farm |
| 14:03 | Build | Farm |
| 14:04 | Build | Farm |
| 14:05 | Build | Farm |
| 14:06 | Build | Farm |
| 14:20 | Build | Farm |
| 15:05 | Build | Market |
| 15:11 | Build | Blacksmith |
| 15:19 | Build | House |
| 15:20 | Build | House |
| 15:22 | Build | House |
| 15:56 | Build | Gate |
| 16:16 | Research | Castle Age |
| 16:28 | Research | Horse Collar |
| 16:30 | Research | Double-Bit Axe |
| 16:34 | Research | Gold Mining |
| 17:21 | Create | Villager (Male) |
| 17:21 | Create | Villager (Male) |
| 17:29 | Create | Scout Cavalry |
| 17:29 | Create | Scout Cavalry |
| 17:55 | Research | Bloodlines |
| 18:36 | Build | Stone Wall |
| 18:41 | Build | Stone Wall |
| 18:46 | Build | Gate |
| 18:53 | Build | Stone Wall |
| 18:56 | Age | Castle Age |
| 19:02 | Create | Villager (Male) |
| 19:02 | Create | Villager (Male) |
| 19:03 | Create | Villager (Male) |
| 19:03 | Create | Villager (Male) |
| 19:03 | Create | Villager (Male) |
| 19:03 | Create | Villager (Male) |
| 19:03 | Create | Villager (Male) |
| 19:21 | Build | Monastery |
| 19:46 | Build | Town Center |
| 20:06 | Research | Heavy Plow |
| 20:09 | Research | Bow Saw |
| 20:25 | Create | Monk |
| 20:48 | Research | Stone Mining |
| 21:09 | Create | Monk |
| 21:53 | Research | Stone Shaft Mining |
| 22:08 | Research | Fervor |
| 22:18 | Research | Light Cavalry (upgrade) |
| 22:37 | Research | Forging |
| 22:56 | Create | Monk |
| 23:20 | Create | Monk |
| 23:30 | Research | Wheelbarrow |
| 23:32 | Create | Villager (Male) |
| 23:32 | Create | Villager (Male) |
| 23:32 | Create | Villager (Male) |
| 24:03 | Create | Villager (Male) |
| 24:03 | Create | Villager (Male) |
| 24:03 | Create | Villager (Male) |
| 24:15 | Create | Villager (Male) |
| 24:16 | Create | Villager (Male) |
| 24:54 | Create | Villager (Male) |
| 24:55 | Create | Villager (Male) |
| 24:58 | Create | Villager (Male) |
| 24:58 | Create | Villager (Male) |
| 25:32 | Build | Town Center |
| 25:53 | Create | Villager (Male) |
| 25:53 | Create | Villager (Male) |
| 25:54 | Create | Villager (Male) |
| 25:54 | Create | Villager (Male) |
| 25:54 | Create | Villager (Male) |
| 26:45 | Build | Castle |
| 26:57 | Build | Farm |
| 26:57 | Build | Farm |
| 26:57 | Build | Farm |
| 26:58 | Build | Farm |
| 26:58 | Build | Farm |
| 26:58 | Build | Farm |
| 26:58 | Build | Farm |
| 26:59 | Build | Farm |
| 26:59 | Build | Farm |
| 26:59 | Build | Farm |
| 26:59 | Build | Farm |
| 26:59 | Build | Farm |
| 27:00 | Build | Farm |
| 27:04 | Create | Villager (Male) |
| 27:04 | Create | Villager (Male) |
| 27:05 | Create | Villager (Male) |
| 27:05 | Create | Villager (Male) |
| 27:05 | Create | Villager (Male) |
| 27:05 | Create | Villager (Male) |
| 27:06 | Create | Villager (Male) |
| 27:12 | Build | Farm |
| 27:24 | Create | Villager (Male) |
| 27:24 | Create | Villager (Male) |
| 28:28 | Create | Villager (Male) |
| 28:28 | Create | Villager (Male) |
| 28:28 | Create | Villager (Male) |
| 28:29 | Create | Villager (Male) |
| 28:29 | Create | Villager (Male) |
| 28:29 | Create | Villager (Male) |
| 28:29 | Create | Villager (Male) |
| 28:52 | Build | House |
| 28:55 | Build | House |
| 28:56 | Build | House |
| 28:57 | Build | House |
| 28:58 | Build | House |
Build order — TheSiren
First 150 of 347 actions detected
| 0:25 | Build | House |
| 0:26 | Build | House |
| 0:27 | Build | House |
| 0:27 | Build | House |
| 0:31 | Build | Mill |
| 0:34 | Create | Villager (Male) ×4 |
| 0:34 | Create | Villager (Male) ×4 |
| 0:34 | Create | Villager (Male) ×4 |
| 2:30 | Create | Villager (Male) |
| 2:30 | Create | Villager (Male) |
| 2:31 | Create | Villager (Male) |
| 3:04 | Create | Villager (Male) |
| 3:04 | Create | Villager (Male) |
| 3:04 | Create | Villager (Male) |
| 4:15 | Create | Villager (Male) |
| 4:15 | Create | Villager (Male) |
| 4:16 | Create | Villager (Male) |
| 4:16 | Create | Villager (Male) |
| 4:16 | Create | Villager (Male) |
| 5:49 | Create | Villager (Male) |
| 5:50 | Create | Villager (Male) |
| 5:50 | Create | Villager (Male) |
| 6:51 | Create | Villager (Male) |
| 6:51 | Create | Villager (Male) |
| 6:52 | Create | Villager (Male) |
| 6:52 | Create | Villager (Male) |
| 6:52 | Create | Villager (Male) |
| 6:53 | Create | Villager (Male) |
| 6:53 | Create | Villager (Male) |
| 7:56 | Create | Villager (Male) |
| 7:57 | Create | Villager (Male) |
| 8:16 | Build | Lumber Camp |
| 8:46 | Research | Wheelbarrow |
| 8:49 | Research | Horse Collar |
| 9:06 | Research | Double-Bit Axe |
| 9:43 | Build | Farm |
| 9:43 | Build | Farm |
| 9:44 | Build | Farm |
| 9:44 | Build | Farm |
| 9:48 | Build | Farm |
| 10:02 | Build | Farm |
| 10:22 | Build | Farm |
| 10:40 | Build | Mining Camp |
| 11:13 | Build | Farm |
| 11:18 | Build | Farm |
| 11:26 | Build | Farm |
| 11:44 | Build | Farm |
| 12:00 | Research | Feudal Age |
| 12:01 | Research | Feudal Age |
| 13:01 | Build | House |
| 13:03 | Build | House |
| 13:04 | Build | House |
| 13:10 | Build | House |
| 13:21 | Build | House |
| 13:22 | Build | House |
| 13:23 | Build | House |
| 13:24 | Build | House |
| 13:31 | Create | Villager (Male) ×5 |
| 13:31 | Create | Villager (Male) ×5 |
| 13:31 | Create | Villager (Male) |
| 13:43 | Research | Gold Mining |
| 13:44 | Research | Gold Mining |
| 14:10 | Age | Feudal Age |
| 14:59 | Build | Market |
| 15:28 | Build | Blacksmith |
| 15:30 | Build | House |
| 15:31 | Build | House |
| 15:32 | Build | House |
| 16:37 | Create | Villager (Male) |
| 16:38 | Create | Villager (Male) |
| 16:38 | Create | Villager (Male) |
| 16:38 | Create | Villager (Male) |
| 16:39 | Create | Villager (Male) |
| 16:39 | Create | Villager (Male) |
| 16:48 | Research | Bow Saw |
| 16:50 | Research | Heavy Plow |
| 17:32 | Research | Caravan |
| 17:33 | Create | Trade Cart ×4 |
| 17:33 | Create | Trade Cart ×4 |
| 18:10 | Research | Gold Shaft Mining |
| 18:11 | Research | Stone Mining |
| 18:14 | Research | Hand Cart |
| 18:28 | Research | Town Watch |
| 18:29 | Create | Villager (Male) |
| 18:29 | Create | Villager (Male) |
| 18:29 | Create | Villager (Male) |
| 18:33 | Create | Villager (Male) |
| 18:40 | Create | Villager (Male) |
| 18:42 | Create | Villager (Male) |
| 19:07 | Build | Mining Camp |
| 20:12 | Research | Fletching |
| 20:13 | Research | Padded Archer Armor |
| 20:14 | Research | Forging |
| 20:30 | Research | Scale Mail Armor |
| 20:57 | Research | Stone Shaft Mining |
| 21:10 | Build | Barracks |
| 21:15 | Build | Barracks |
| 21:16 | Build | Barracks |
| 21:27 | Build | Barracks |
| 21:29 | Build | Barracks |
| 21:30 | Build | Barracks |
| 21:49 | Build | Farm |
| 21:50 | Build | Farm |
| 21:50 | Build | Farm |
| 21:59 | Build | Farm |
| 22:06 | Build | Farm |
| 22:19 | Build | Farm |
| 22:25 | Build | Farm |
| 22:28 | Build | Farm |
| 22:44 | Build | Farm |
| 22:49 | Build | Farm |
| 23:00 | Build | Farm |
| 23:11 | Research | Arson |
| 23:13 | Create | Spearman |
| 23:13 | Create | Spearman |
| 23:17 | Create | Spearman |
| 23:17 | Create | Spearman |
| 23:37 | Build | Farm |
| 23:40 | Create | Villager (Male) |
| 23:40 | Create | Villager (Male) |
| 23:40 | Create | Villager (Male) |
| 23:40 | Create | Villager (Male) |
| 23:41 | Create | Villager (Male) |
| 23:41 | Create | Villager (Male) |
| 24:02 | Build | Farm |
| 25:38 | Research | Castle Age |
| 26:02 | Build | House |
| 26:03 | Build | House |
| 26:05 | Build | House |
| 26:09 | Build | House |
| 26:10 | Build | House |
| 26:11 | Build | House |
| 26:13 | Build | House |
| 26:15 | Build | House |
| 26:18 | Build | House |
| 26:20 | Build | House |
| 26:20 | Build | House |
| 26:21 | Build | House |
| 26:24 | Build | House |
| 26:25 | Build | House |
| 26:25 | Build | House |
| 26:26 | Build | House |
| 26:28 | Build | House |
| 26:29 | Build | House |
| 26:31 | Build | House |
| 26:32 | Build | House |
| 26:46 | Build | House |
| 26:46 | Build | House |
| 26:48 | Build | House |
| 26:49 | Build | House |
Build order — elguille911
First 150 of 404 actions detected
| 0:05 | Build | House |
| 0:07 | Build | House |
| 0:11 | Create | Villager (Male) |
| 0:12 | Create | Villager (Male) |
| 0:13 | Create | Villager (Male) |
| 0:13 | Create | Villager (Male) |
| 1:32 | Create | Villager (Male) |
| 2:09 | Build | Lumber Camp |
| 2:26 | Create | Villager (Male) |
| 2:57 | Create | Villager (Male) |
| 2:58 | Create | Villager (Male) |
| 3:27 | Build | House |
| 3:31 | Build | House |
| 3:42 | Build | House |
| 3:45 | Create | Villager (Male) |
| 4:00 | Create | Villager (Male) |
| 4:22 | Create | Villager (Male) |
| 4:56 | Create | Villager (Male) |
| 5:10 | Build | Mill |
| 5:18 | Create | Villager (Male) |
| 5:34 | Create | Villager (Male) |
| 6:21 | Create | Villager (Male) |
| 6:22 | Create | Villager (Male) |
| 6:29 | Build | Mining Camp |
| 7:19 | Create | Villager (Male) |
| 7:20 | Create | Villager (Male) |
| 8:44 | Create | Villager (Male) |
| 9:17 | Create | Villager (Male) |
| 9:18 | Create | Villager (Male) |
| 9:50 | Build | Farm |
| 9:50 | Build | Farm |
| 9:51 | Build | Farm |
| 9:51 | Build | Farm |
| 9:52 | Build | Farm |
| 9:52 | Build | Farm |
| 9:52 | Build | Farm |
| 9:53 | Build | Farm |
| 9:53 | Build | Farm |
| 9:54 | Build | Farm |
| 10:43 | Research | Feudal Age |
| 11:12 | Build | House |
| 11:16 | Build | House |
| 11:48 | Build | Barracks |
| 12:56 | Build | Farm |
| 13:05 | Build | Market |
| 13:10 | Build | Blacksmith |
| 14:10 | Research | Castle Age |
| 14:52 | Create | Villager (Male) |
| 14:53 | Create | Villager (Male) |
| 16:24 | Research | Double-Bit Axe |
| 16:32 | Create | Villager (Male) |
| 16:33 | Create | Villager (Male) |
| 16:35 | Create | Villager (Male) |
| 16:37 | Create | Villager (Male) |
| 16:56 | Build | Town Center |
| 17:16 | Research | Horse Collar |
| 17:58 | Research | Man-at-Arms (upgrade) |
| 18:04 | Create | Spearman |
| 18:05 | Create | Spearman |
| 18:06 | Create | Spearman |
| 18:12 | Create | Militia |
| 18:14 | Create | Militia |
| 18:47 | Create | Villager (Male) |
| 18:47 | Create | Villager (Male) |
| 18:48 | Create | Villager (Male) |
| 18:48 | Create | Villager (Male) |
| 18:49 | Create | Villager (Male) |
| 18:49 | Create | Villager (Male) |
| 18:50 | Create | Villager (Male) |
| 18:51 | Create | Villager (Male) |
| 19:29 | Build | Farm |
| 19:40 | Build | Farm |
| 19:46 | Build | Farm |
| 19:50 | Build | Farm |
| 19:54 | Build | Farm |
| 20:01 | Build | Farm |
| 20:07 | Create | Villager (Male) |
| 20:22 | Build | House |
| 20:25 | Build | House |
| 20:49 | Build | Town Center |
| 21:01 | Create | Villager (Male) |
| 21:02 | Create | Villager (Male) |
| 21:08 | Create | Villager (Male) |
| 21:09 | Create | Villager (Male) |
| 21:10 | Create | Villager (Male) |
| 21:11 | Create | Villager (Male) |
| 21:12 | Create | Villager (Male) |
| 21:34 | Build | Gate |
| 21:40 | Build | House |
| 21:41 | Build | House |
| 21:42 | Build | House |
| 21:47 | Build | House |
| 21:55 | Create | Villager (Male) |
| 21:59 | Create | Villager (Male) |
| 22:01 | Create | Villager (Male) |
| 22:04 | Build | Farm |
| 22:30 | Create | Villager (Male) |
| 22:30 | Create | Villager (Male) |
| 22:31 | Create | Villager (Male) |
| 22:32 | Create | Villager (Male) |
| 22:33 | Create | Villager (Male) |
| 22:34 | Create | Villager (Male) |
| 23:27 | Build | Stone Wall |
| 23:35 | Build | Stone Wall |
| 23:55 | Build | Stone Wall |
| 24:11 | Build | Farm |
| 24:11 | Build | Farm |
| 24:11 | Build | Farm |
| 24:12 | Build | Farm |
| 24:12 | Build | Farm |
| 24:12 | Build | Farm |
| 24:13 | Build | Farm |
| 24:15 | Build | Farm |
| 24:16 | Build | Farm |
| 24:16 | Build | Farm |
| 24:16 | Build | Farm |
| 24:17 | Build | Farm |
| 24:17 | Build | Farm |
| 24:19 | Build | Farm |
| 24:19 | Build | Farm |
| 24:20 | Build | Farm |
| 24:20 | Build | Farm |
| 24:20 | Build | Farm |
| 24:21 | Build | Farm |
| 24:25 | Create | Villager (Male) |
| 24:27 | Create | Villager (Male) |
| 24:28 | Create | Villager (Male) |
| 24:28 | Create | Villager (Male) |
| 24:31 | Create | Villager (Male) |
| 24:57 | Create | Villager (Male) |
| 24:58 | Create | Villager (Male) |
| 24:59 | Create | Villager (Male) |
| 25:00 | Create | Villager (Male) |
| 25:05 | Create | Villager (Male) |
| 25:06 | Create | Villager (Male) |
| 25:07 | Create | Villager (Male) |
| 25:09 | Create | Villager (Male) |
| 25:14 | Create | Villager (Male) |
| 25:15 | Create | Villager (Male) |
| 26:14 | Create | Villager (Male) |
| 26:15 | Create | Villager (Male) |
| 26:16 | Create | Villager (Male) |
| 26:17 | Create | Villager (Male) |
| 26:18 | Create | Villager (Male) |
| 26:19 | Create | Villager (Male) |
| 26:56 | Build | Gate |
| 27:24 | Build | House |
| 27:28 | Build | House |
| 27:31 | Build | House |
| 27:33 | Build | House |
Build order — El Ozil Tucumano⭐⭐⭐
First 150 of 535 actions detected
| 0:08 | Research | Loom |
| 0:09 | Create | Villager (Male) |
| 0:10 | Create | Villager (Male) |
| 0:10 | Create | Villager (Male) |
| 0:10 | Create | Villager (Male) |
| 0:10 | Create | Villager (Male) |
| 0:19 | Build | Mill |
| 0:25 | Build | House |
| 0:27 | Build | House |
| 1:45 | Build | House |
| 1:57 | Create | Villager (Male) |
| 2:47 | Create | Villager (Male) |
| 3:13 | Create | Villager (Male) |
| 3:29 | Create | Villager (Male) |
| 3:47 | Create | Villager (Male) |
| 4:12 | Create | Villager (Male) |
| 4:49 | Create | Villager (Male) |
| 5:08 | Create | Villager (Male) |
| 5:23 | Create | Villager (Male) |
| 6:04 | Build | Lumber Camp |
| 7:16 | Research | Feudal Age |
| 8:05 | Build | Mining Camp |
| 9:26 | Age | Feudal Age |
| 9:32 | Research | Wheelbarrow |
| 10:01 | Build | Watch Tower |
| 10:19 | Build | Farm |
| 11:22 | Create | Villager (Male) |
| 11:22 | Create | Villager (Male) |
| 11:22 | Create | Villager (Male) |
| 11:23 | Create | Villager (Male) |
| 11:23 | Create | Villager (Male) |
| 11:23 | Create | Villager (Male) |
| 11:23 | Create | Villager (Male) |
| 11:31 | Build | Mining Camp |
| 11:53 | Build | Farm |
| 11:57 | Build | Farm |
| 12:27 | Build | Farm |
| 12:45 | Build | House |
| 12:52 | Research | Double-Bit Axe |
| 13:24 | Build | Farm |
| 13:45 | Build | House |
| 13:48 | Build | House |
| 14:05 | Research | Stone Mining |
| 14:12 | Build | Farm |
| 14:41 | Build | Market |
| 14:51 | Build | Watch Tower |
| 14:58 | Create | Villager (Male) |
| 14:59 | Create | Villager (Male) |
| 14:59 | Create | Villager (Male) |
| 15:11 | Build | Blacksmith |
| 15:26 | Build | Farm |
| 15:52 | Build | Farm |
| 16:11 | Create | Villager (Male) |
| 16:16 | Build | Farm |
| 16:29 | Build | Farm |
| 17:02 | Build | House |
| 17:11 | Build | Barracks |
| 17:19 | Create | Villager (Male) |
| 17:19 | Create | Villager (Male) |
| 17:19 | Create | Villager (Male) |
| 17:19 | Create | Villager (Male) |
| 17:20 | Create | Villager (Male) |
| 18:03 | Build | Stone Wall |
| 18:17 | Build | Farm |
| 18:27 | Build | Farm |
| 18:51 | Create | Villager (Male) |
| 18:52 | Create | Villager (Male) |
| 18:52 | Create | Villager (Male) |
| 18:52 | Create | Villager (Male) |
| 18:53 | Create | Villager (Male) |
| 19:43 | Build | Stone Wall |
| 19:56 | Build | Farm |
| 20:26 | Build | Farm |
| 20:31 | Research | Gold Mining |
| 20:35 | Create | Villager (Male) |
| 20:35 | Create | Villager (Male) |
| 20:36 | Create | Villager (Male) |
| 20:36 | Create | Villager (Male) |
| 20:36 | Create | Villager (Male) |
| 20:50 | Build | Farm |
| 21:32 | Build | Gate |
| 21:49 | Build | Farm |
| 23:12 | Build | Farm |
| 23:15 | Build | House |
| 23:17 | Build | House |
| 23:21 | Build | Farm |
| 24:01 | Research | Castle Age |
| 24:27 | Build | Lumber Camp |
| 24:57 | Build | House |
| 24:58 | Build | House |
| 26:01 | Build | Mining Camp |
| 26:37 | Build | House |
| 26:38 | Build | House |
| 26:39 | Build | House |
| 26:43 | Age | Castle Age |
| 26:54 | Build | Town Center |
| 26:59 | Research | Gold Shaft Mining |
| 27:10 | Research | Hand Cart |
| 28:06 | Research | Bow Saw |
| 28:12 | Create | Villager (Male) |
| 28:13 | Create | Villager (Male) |
| 28:13 | Create | Villager (Male) |
| 28:13 | Create | Villager (Male) |
| 28:13 | Create | Villager (Male) |
| 28:14 | Create | Villager (Male) |
| 28:14 | Create | Villager (Male) |
| 28:14 | Create | Villager (Male) |
| 28:15 | Create | Villager (Male) |
| 28:15 | Create | Villager (Male) |
| 28:33 | Build | Castle |
| 28:48 | Build | Archery Range |
| 29:16 | Build | Mining Camp |
| 29:33 | Build | Farm |
| 29:43 | Create | Villager (Male) |
| 29:44 | Create | Villager (Male) |
| 29:44 | Create | Villager (Male) |
| 29:44 | Create | Villager (Male) |
| 29:44 | Create | Villager (Male) |
| 29:45 | Create | Villager (Male) |
| 29:45 | Create | Villager (Male) |
| 29:45 | Create | Villager (Male) |
| 29:45 | Create | Villager (Male) |
| 29:45 | Create | Villager (Male) |
| 29:46 | Create | Villager (Male) |
| 30:08 | Research | Scale Mail Armor |
| 30:08 | Research | Scale Barding Armor |
| 30:09 | Research | Padded Archer Armor |
| 30:09 | Research | Fletching |
| 30:51 | Build | Farm |
| 31:15 | Build | Farm |
| 31:22 | Research | Chain Mail Armor |
| 31:34 | Build | Barracks |
| 31:39 | Build | Stable |
| 32:08 | Build | Farm |
| 32:12 | Build | Farm |
| 32:17 | Research | Imperial Age |
| 32:28 | Build | Farm |
| 33:17 | Research | Leather Archer Armor |
| 33:17 | Research | Chain Barding Armor |
| 33:18 | Research | Bodkin Arrow |
| 33:42 | Build | Mining Camp |
| 33:51 | Create | Throwing Axeman |
| 33:52 | Create | Throwing Axeman |
| 33:52 | Create | Throwing Axeman |
| 33:52 | Create | Throwing Axeman |
| 33:52 | Create | Throwing Axeman |
| 33:53 | Create | Throwing Axeman |
| 33:53 | Create | Throwing Axeman |
| 33:53 | Create | Throwing Axeman |
| 33:53 | Create | Throwing Axeman |
Build order — PerdiendoConCan
First 150 of 476 actions detected
| 0:01 | Create | Villager (Male) |
| 0:01 | Create | Villager (Male) |
| 0:01 | Create | Villager (Male) |
| 0:02 | Build | House |
| 0:04 | Build | House |
| 0:37 | Create | Villager (Male) |
| 0:37 | Create | Villager (Male) |
| 1:38 | Create | Villager (Male) |
| 1:38 | Create | Villager (Male) |
| 1:55 | Build | Lumber Camp |
| 2:13 | Create | Villager (Male) |
| 2:13 | Create | Villager (Male) |
| 2:14 | Create | Villager (Male) |
| 2:30 | Create | Villager (Male) |
| 2:30 | Create | Villager (Male) |
| 3:38 | Create | Villager (Male) |
| 3:39 | Create | Villager (Male) |
| 3:51 | Create | Villager (Male) |
| 3:51 | Create | Villager (Male) |
| 4:11 | Build | House |
| 4:12 | Build | House |
| 4:28 | Create | Villager (Male) |
| 4:28 | Create | Villager (Male) |
| 4:28 | Create | Villager (Male) |
| 4:36 | Build | Mill |
| 5:00 | Create | Villager (Male) |
| 5:00 | Create | Villager (Male) |
| 6:16 | Create | Villager (Male) |
| 6:28 | Create | Villager (Male) |
| 6:28 | Create | Villager (Male) |
| 6:28 | Create | Villager (Male) |
| 6:29 | Create | Villager (Male) |
| 6:29 | Create | Villager (Male) |
| 6:29 | Create | Villager (Male) |
| 7:10 | Build | Mining Camp |
| 7:33 | Build | Farm |
| 7:39 | Build | Farm |
| 8:33 | Build | Farm |
| 8:56 | Research | Feudal Age |
| 11:06 | Age | Feudal Age |
| 11:08 | Build | Blacksmith |
| 11:13 | Build | Market |
| 11:31 | Create | Villager (Male) |
| 12:03 | Research | Castle Age |
| 12:03 | Research | Castle Age |
| 12:17 | Research | Double-Bit Axe |
| 13:16 | Build | Farm |
| 13:28 | Build | Farm |
| 13:36 | Build | Farm |
| 14:02 | Build | Farm |
| 14:25 | Build | Farm |
| 14:43 | Age | Castle Age |
| 14:45 | Build | Town Center |
| 14:50 | Build | Town Center |
| 14:56 | Research | Wheelbarrow |
| 14:57 | Create | Villager (Male) |
| 15:07 | Build | House |
| 15:08 | Build | House |
| 15:49 | Build | Monastery |
| 16:17 | Build | Barracks |
| 16:29 | Create | Villager (Male) |
| 16:29 | Create | Villager (Male) |
| 16:33 | Create | Monk |
| 16:50 | Build | House |
| 16:52 | Create | Villager (Male) |
| 16:52 | Create | Villager (Male) |
| 17:02 | Research | Bow Saw |
| 17:07 | Create | Villager (Male) |
| 17:09 | Create | Villager (Male) |
| 17:29 | Create | Villager (Male) |
| 17:29 | Create | Villager (Male) |
| 17:30 | Create | Villager (Male) |
| 17:30 | Create | Villager (Male) |
| 17:30 | Create | Villager (Male) |
| 17:31 | Create | Villager (Male) |
| 17:31 | Create | Villager (Male) |
| 17:31 | Create | Villager (Male) |
| 17:32 | Create | Villager (Male) |
| 17:38 | Build | House |
| 17:58 | Build | Barracks |
| 17:59 | Create | Villager (Male) |
| 18:00 | Create | Villager (Male) |
| 18:12 | Create | Villager (Male) |
| 18:13 | Create | Villager (Male) |
| 18:13 | Create | Villager (Male) |
| 18:15 | Build | Farm |
| 18:21 | Build | Farm |
| 18:28 | Create | Villager (Male) |
| 18:28 | Create | Villager (Male) |
| 18:28 | Create | Villager (Male) |
| 18:28 | Create | Villager (Male) |
| 18:39 | Build | Farm |
| 18:39 | Build | Farm |
| 18:39 | Build | Farm |
| 18:39 | Build | Farm |
| 18:47 | Create | Villager (Male) |
| 18:47 | Create | Villager (Male) |
| 18:47 | Create | Villager (Male) |
| 18:55 | Build | House |
| 18:58 | Build | Mining Camp |
| 19:14 | Create | Villager (Male) |
| 19:28 | Build | Farm |
| 19:28 | Build | Farm |
| 19:28 | Build | Farm |
| 19:28 | Build | Farm |
| 19:41 | Create | Villager (Male) |
| 19:41 | Create | Villager (Male) |
| 19:41 | Create | Villager (Male) |
| 19:58 | Build | Farm |
| 19:58 | Build | Farm |
| 19:58 | Build | Farm |
| 19:59 | Build | Farm |
| 20:00 | Build | Farm |
| 20:21 | Create | Villager (Male) |
| 20:21 | Create | Villager (Male) |
| 20:21 | Create | Villager (Male) |
| 20:22 | Create | Villager (Male) |
| 20:22 | Create | Villager (Male) |
| 20:22 | Create | Villager (Male) |
| 20:28 | Build | Farm |
| 20:46 | Create | Villager (Male) |
| 20:46 | Create | Villager (Male) |
| 20:49 | Create | Villager (Male) |
| 20:49 | Create | Villager (Male) |
| 20:53 | Research | Loom |
| 21:09 | Create | Villager (Male) |
| 21:09 | Create | Villager (Male) |
| 21:09 | Create | Villager (Male) |
| 21:15 | Build | Mill |
| 21:16 | Build | Farm |
| 21:17 | Build | Farm |
| 21:17 | Build | Farm |
| 21:17 | Build | Farm |
| 21:17 | Build | Farm |
| 21:17 | Build | Farm |
| 21:18 | Build | Farm |
| 21:18 | Build | Farm |
| 21:25 | Research | Horse Collar |
| 21:28 | Create | Villager (Male) |
| 21:37 | Create | Villager (Male) |
| 21:38 | Create | Villager (Male) |
| 21:49 | Research | Heavy Plow |
| 22:09 | Build | House |
| 22:10 | Build | House |
| 22:17 | Build | Gate |
| 22:19 | Build | House |
| 22:24 | Create | Spearman |
| 22:26 | Research | Pikeman (upgrade) |
| 22:29 | Create | Spearman |
| 22:35 | Build | Farm |
Match timeline
| 9:25 | lucas_alfano · age_up feudal |
| 9:26 | El Ozil Tucumano⭐⭐⭐ · age_up feudal |
| 9:46 | anzolablan · first_building Barracks |
| 10:03 | lucas_alfano · wall_segment Stone Wall x28 |
| 11:06 | PerdiendoConCan · age_up feudal |
| 11:15 | lucas_alfano · wall_segment Stone Wall x21 |
| 11:27 | Alyosha · age_up feudal |
| 11:48 | elguille911 · first_building Barracks |
| 11:49 | Fake Chimono · first_building Barracks |
| 12:31 | anzolablan · age_up feudal |
| 13:09 | Alyosha · first_market_buy 100 food |
| 13:17 | anzolablan · first_building Stable |
| 13:57 | lucas_alfano · wall_segment Stone Wall x13 |
| 14:05 | Fake Chimono · wall_segment Stone Wall x10 |
| 14:08 | Fake Chimono · wall_segment Stone Wall x11 |
| 14:10 | TheSiren · age_up feudal |
| 14:43 | PerdiendoConCan · age_up castle |
| 15:49 | PerdiendoConCan · first_building Monastery |
| 16:01 | Alyosha · first_building Barracks |
| 16:09 | Alyosha · age_up castle |
| 16:17 | PerdiendoConCan · first_building Barracks |
| 17:11 | El Ozil Tucumano⭐⭐⭐ · first_building Barracks |
| 18:03 | El Ozil Tucumano⭐⭐⭐ · wall_segment Stone Wall x33 |
| 18:36 | anzolablan · wall_segment Stone Wall x7 |
| 18:41 | anzolablan · wall_segment Stone Wall x11 |
| 18:53 | anzolablan · wall_segment Stone Wall x10 |
| 18:56 | anzolablan · age_up castle |
| 19:21 | anzolablan · first_building Monastery |
| 19:43 | El Ozil Tucumano⭐⭐⭐ · wall_segment Stone Wall x39 |
| 20:17 | Alyosha · first_building Monastery |
| 20:21 | anzolablan · first_market_sell 100 wood |
| 21:10 | TheSiren · first_building Barracks |
| 21:59 | Fake Chimono · wall_segment Stone Wall x21 |
| 22:31 | lucas_alfano · age_up castle |
| 22:33 | Fake Chimono · first_building Monastery |
| 23:27 | elguille911 · wall_segment Stone Wall x2 |
| 23:33 | Fake Chimono · first_building Archery Range |
| 23:35 | elguille911 · wall_segment Stone Wall x8 |
| 23:55 | elguille911 · wall_segment Stone Wall x27 |
| 24:56 | PerdiendoConCan · first_building Archery Range |
| 25:20 | lucas_alfano · first_building Castle |
| 25:41 | Fake Chimono · first_building Castle |
| 26:25 | PerdiendoConCan · first_market_sell 100 wood |
| 26:43 | El Ozil Tucumano⭐⭐⭐ · age_up castle |
| 26:45 | anzolablan · first_building Castle |
| 27:39 | PerdiendoConCan · first_building Castle |
| 28:33 | El Ozil Tucumano⭐⭐⭐ · first_building Castle |
| 28:44 | Alyosha · first_market_sell 100 wood |
| 28:48 | El Ozil Tucumano⭐⭐⭐ · first_building Archery Range |
| 28:50 | TheSiren · age_up castle |
| 29:08 | PerdiendoConCan · age_up imperial |
| 29:12 | TheSiren · first_building Castle |
| 29:25 | PerdiendoConCan · first_building Siege Workshop |
| 29:37 | elguille911 · first_building Castle |
| 30:48 | TheSiren · first_building Monastery |
| 30:56 | Alyosha · first_building Castle |
| 31:27 | anzolablan · first_building Archery Range |
| 31:31 | lucas_alfano · first_building Barracks |
| 31:39 | El Ozil Tucumano⭐⭐⭐ · first_building Stable |
| 31:50 | Alyosha · first_building Stable |
| 32:21 | Alyosha · age_up imperial |
| 32:23 | elguille911 · first_building Monastery |
| 32:39 | lucas_alfano · first_building Siege Workshop |
| 32:57 | elguille911 · first_building Siege Workshop |
| 35:27 | Fake Chimono · first_market_buy 100 stone |
| 35:33 | El Ozil Tucumano⭐⭐⭐ · age_up imperial |
| 35:37 | lucas_alfano · wall_segment Stone Wall x14 |
| 35:54 | lucas_alfano · wall_segment Stone Wall x6 |
| 37:04 | lucas_alfano · age_up imperial |
| 37:22 | anzolablan · first_building Siege Workshop |
| 38:21 | TheSiren · first_building Siege Workshop |
| 39:09 | Fake Chimono · first_building Siege Workshop |
| 39:10 | TheSiren · first_market_buy 100 food |
| 40:41 | Fake Chimono · first_building Stable |
| 40:57 | El Ozil Tucumano⭐⭐⭐ · wall_segment Stone Wall x14 |
| 41:04 | anzolablan · age_up imperial |
| 42:37 | TheSiren · age_up imperial |
| 50:17 | Fake Chimono · resign |
| 58:12 | TheSiren · wall_segment Stone Wall x10 |
| 59:30 | lucas_alfano · wall_segment Stone Wall x15 |
[ AI ANALYSIS · 1 CREDIT ]
What really happened in this match?
Wolo.gg analyzes every decision: build order, eco, micro, common mistakes by bracket. Personalized analysis on WhatsApp or Discord in 30 seconds.
Civ guide
Romans
Perfil
Jugador #24488903